 Dungeon Crawl Stone Soup version 0.25.1-2-g60ff931df9 (webtiles) character file.

Game seed: 5318422394090314128

335294 funkygono the Peltast (level 21, -17/141 HPs)
             Began as a Gargoyle Fighter on Nov 13, 2020.
             Was a High Priest of Okawaru.
             Demolished by a stone giant simulacrum (25 damage)
             ... animated by a necromancer
             ... on level 2 of the Depths on Nov 14, 2020.
             The game lasted 02:23:05 (42772 turns).

funkygono the Peltast (Gargoyle Fighter)           Turns: 42772, Time: 02:23:07

Health: -17/141    AC: 64    Str: 36    XL:     21   Next: 86%
Magic:  26/26      EV: 10    Int: 12    God:    Okawaru [*****.]
Gold:   3809       SH: 19    Dex: 13    Spells: 20/20 levels left

rFire    . . .     SeeInvis +   a - +5 flail of the Land of Plenty {drain, MR+ Int+3 Dex+4}
rCold    . . .     Gourm    .   c - +1 kite shield
rNeg     + . .     Faith    .   W - +7 crystal plate armour
rPois    ∞         Spirit   .   K - +2 helmet
rElec    +         Reflect  .   j - +2 cloak of Yrou {rElec Str+3}
rCorr    .         Harm     .   w - +2 pair of gloves
MR       ++...                  h - +2 pair of boots
Stlth    ..........             v - amulet of Fragile Peace {Regen+ Str+3}
HPRegen  0.73/turn              d - ring of see invisible
MPRegen  0.20/turn              C - +4 ring of protection

@: flying
A: big wings, negative energy resistance 1, electricity resistance, unbreathing,
petrification resistance, rot immunity, AC +16
}: 2/15 runes: decaying, gossamer
a: Stop Flying, Heroism, Finesse, Renounce Religion


You were on level 2 of the Depths.
You worshipped Okawaru.
Okawaru was extremely pleased with you.
You were near starving.

You visited 8 branches of the dungeon, and saw 37 of its levels.
You also visited: Ossuary.

You collected 4065 gold pieces.
You spent 256 gold pieces at shops.

Inventory:

Hand Weapons
 a - the +5 flail of the Land of Plenty (weapon) {drain, MR+ Int+3 Dex+4}
   (You found it on level 10 of the Dungeon)

   A truly terrible weapon, it drains the life of those it strikes.
   It affects your intelligence (+3).
   It affects your dexterity (+4).
   It affects your resistance to hostile enchantments.
 b - a +3 fustibalus of flaming
 A - a +7 mace of protection
Missiles
 e - 409 sling bullets
Armour
 c - a +1 kite shield (worn)
 h - a +2 pair of boots (worn)
 j - the +2 cloak of Yrou (worn) {rElec Str+3}
   (You bought it in a shop on level 2 of the Orcish Mines)

   It affects your strength (+3).
   It insulates you from electricity.
 w - a +2 pair of gloves (worn)
 K - a +2 helmet (worn)
 R - a +2 hat of magic resistance
 W - a +7 crystal plate armour (worn)
Jewellery
 d - a ring of see invisible (left hand)
 q - an uncursed ring of protection from fire
 r - an uncursed ring of positive energy
 v - the amulet of Fragile Peace (around neck) {Regen+ Str+3}
   (You acquired it on level 2 of the Lair of Beasts)

   [amulet of regeneration]

   It affects your strength (+3).
   It increases your rate of regeneration.
 C - a +4 ring of protection (right hand)
 E - an uncursed ring of resist corrosion
 O - an uncursed ring of protection from magic
 P - an uncursed ring of protection from cold
Wands
 k - a wand of acid (48)
 x - a wand of iceblast (21)
 y - a wand of flame (52)
 F - a wand of paralysis (18)
 I - a wand of clouds (13)
 M - a wand of disintegration (23)
 Q - a wand of digging (7)
Scrolls
 m - 5 scrolls of blinking
 n - 9 scrolls of teleportation
 o - 4 scrolls of identify
 u - a scroll of magic mapping
 z - 14 scrolls of remove curse
 D - 6 scrolls of fog
 S - 4 scrolls of fear
Potions
 i - 18 potions of curing
 l - 2 potions of heal wounds
 p - 4 potions of resistance
 s - 4 potions of berserk rage
 t - 7 potions of ambrosia
 B - 5 potions of mutation
 G - a potion of magic
 H - 5 potions of haste
 T - 3 potions of invisibility
 V - a potion of cancellation
Comestibles
 f - 64 rations
 g - 7 chunks of flesh


   Skills:
 + Level 18.1 Fighting
 + Level 17.3 Maces & Flails
 + Level 14.4 Slings
 + Level 13.6 Armour
 * Level 6.4 Dodging
 + Level 20.9 Shields
 + Level 7.6 Invocations
 + Level 1.1 Evocations


You had 20 spell levels left.
You didn't know any spells.
Your spell library contained the following spells:

 Spells                   Type           Power        Failure   Level  Hunger
 Animate Skeleton         Necr           N/A          98%         1    ##.....
 Apportation              Tloc           #.....       98%         1    ##.....
 Beastly Appendage        Tmut           #.....       98%         1    ##.....
 Corona                   Hex            #......      98%         1    ##.....
 Foxfire                  Conj/Fire      #...         98%         1    ##.....
 Freeze                   Ice            #...         98%         1    ##.....
 Magic Dart               Conj           #...         98%         1    ##.....
 Pain                     Necr           #...         98%         1    ##.....
 Shock                    Conj/Air       #...         98%         1    ##.....
 Sting                    Tmut/Pois      #...         98%         1    ##.....
 Summon Small Mammal      Summ           #...         98%         1    ##.....
 Blink                    Tloc           N/A          99%         2    ###....
 Call Imp                 Summ           #.......     99%         2    ###....
 Poisonous Vapours        Pois/Air       #.....       99%         2    ###....
 Slow                     Hex            #.......     99%         2    ###....
 Sticks to Snakes         Tmut           #.......     99%         2    ###....
 Swiftness                Chrm/Air       #.......     99%         2    ###....
 Confusing Touch          Hex            #.......     100%        3    ####...
 Conjure Flame            Conj/Fire      #.......     100%        3    ####...
 Frozen Ramparts          Ice            #.....       100%        3    ####...
 Gell's Gravitas          Tloc           #.........   100%        3    ####...
 Ignite Poison            Fire/Tmut/Pois #.......     100%        3    ####...
 Inner Flame              Hex/Fire       #.......     100%        3    ####...
 Mephitic Cloud           Conj/Pois/Air  #.......     100%        3    ####...
 Ozocubu's Armour         Chrm/Ice       #.......     100%        3    ####...
 Recall                   Summ/Tloc      N/A          100%        3    ####...
 Spider Form              Tmut/Pois      #.........   100%        3    ####...
 Static Discharge         Conj/Air       #.......     100%        3    ####...
 Vampiric Draining        Necr           #.........   100%        3    ####...
 Airstrike                Air            #.........   100%        4    #####..
 Animate Dead             Necr           N/A          100%        4    #####..
 Cause Fear               Hex            #.........   100%        4    #####..
 Hailstorm                Conj/Ice       #.......     100%        4    #####..
 Ice Form                 Ice/Tmut       #.......     100%        4    #####..
 Olgreb's Toxic Radiance  Pois           #.......     100%        4    #####..
 Petrify                  Tmut/Erth      #.......     100%        4    #####..
 Sticky Flame             Conj/Fire      #.......     100%        4    #####..
 Summon Ice Beast         Ice/Summ       #.......     100%        4    #####..
 Agony                    Necr           #.......     100%        5    ######.
 Aura of Abjuration       Summ           #.........   100%        5    ######.
 Blade Hands              Tmut           #.........   100%        5    ######.
 Excruciating Wounds      Chrm/Necr      #.........   100%        5    ######.
 Fireball                 Conj/Fire      #.........   100%        5    ######.
 Lee's Rapid Deconstruct  Erth           #.........   100%        5    ######.
 Lightning Bolt           Conj/Air       #.........   100%        5    ######.
 Metabolic Englaciation   Hex/Ice        #.........   100%        5    ######.
 Silence                  Hex/Air        #.........   100%        5    ######.
 Summon Demon             Summ           #.........   100%        5    ######.
 Summon Forest            Summ/Tloc      #.........   100%        5    ######.
 Summon Mana Viper        Hex/Summ       #.......     100%        5    ######.
 Yara's Violent Unravell  Hex/Tmut       #.........   100%        5    ######.
 Shadow Creatures         Summ           N/A          100%        6    #######
 Chain Lightning          Conj/Air       #.........   100%        8    #######
 Discord                  Hex            #.........   100%        8    #######
 Lehudib's Crystal Spear  Conj/Erth      #.........   100%        8    #######
 Absolute Zero            Ice            #.........   100%        9    #######
 Fire Storm               Conj/Fire      #.........   100%        9    #######


Dungeon Overview and Level Annotations

Branches:
Dungeon (15/15)            Temple (1/1) D:5            Lair (6/6) D:11
  Swamp (4/4) Lair:2       Spider (4/4) Lair:4        Slime (0/5) Lair:6
    Orc (2/2) D:11            Elf (0/3) Orc:2        Vaults (3/5) D:13
  Crypt (0/3) Vaults:3     Depths (2/5) D:15        Ossuary (visited)

Altars:
Ashenzari
Cheibriados
Dithmenos
Elyvilon
Fedhas
Gozag
Hepliaklqana
Kikubaaqudgha
Makhleb
Nemelex Xobeh
Okawaru
Qazlal
Ru
Sif Muna
Trog
Uskayaw
Vehumet
Wu Jian
Xom
Yredelemnul
Zin
The Shining One
Beogh

Shops:
D:8 =   D:9 *   D:10 *   Orc:2 ?[[*

Portals:
Hell: Depths:1
Abyss: Depths:1
Trove: D:12 (give +7 demon blade)

Annotations:
D:12 1 runed translucent door


Innate Abilities, Weirdness & Mutations

You are resistant to torment.
Your stone body is resilient. (AC +16)
You are immune to poison.
Your large and strong wings let you fly indefinitely.
You resist negative energy. (rN+)
You are resistant to electric shocks. (rElec)
You can survive without breathing.
You are immune to petrification.
You are immune to rotting.


Message History

The cyan ugly thing barely misses you.
You sock the cyan ugly thing!
The cyan ugly thing is heavily wounded.
You block the cyan ugly thing's attack.
The stone giant simulacrum hits you but does no damage.
You thump the cyan ugly thing!
The cyan ugly thing is severely wounded.
You bludgeon the cyan ugly thing!! You drain the cyan ugly thing.
You kill the cyan ugly thing!
Okawaru accepts your kill.
The stone giant simulacrum hits you but does no damage.
You hit the stone giant simulacrum but do no damage.
The stone giant simulacrum is heavily damaged.
You sock the stone giant simulacrum!
The stone giant simulacrum is almost destroyed.
You hear two shouts!
The stone giant simulacrum hits you!
* * * LOW HITPOINT WARNING * * *
The stone giant simulacrum freezes you!!
You die...

.........u.......#
##(.$.............#
.#(...............#
'.........u.....#
#..............## #
#####.......... #$..#.##
D....(........(##......#
[......#..####ZZ(?.>#.##
........##....)#@#### #
..§§§§#.....#..###
.§§≈.##......##
§§§≈......<###
≈≈§≈§......†.#
≈≈§§.....Cuc.##..
.≈(#.##...u......#
$..#............##
.....#....##...#


You could see 2 stone giant simulacra.

Vanquished Creatures
  Mara (Depths:1)
  Bai Suzhen (Swamp:4)
  Nikola (Swamp:1)
  Rupert (D:12)
  A tentacled monstrosity (Vaults:3)
  2 sphinxes
  4 thorn hunters
  A storm dragon (Vaults:3)
  The ghost of Qafumib the Barachian Aeon, an adept BaMo of Cheibriados (Spider:3)
  2 frost giants (Vaults:3)
  3 fire giants
  10 vault wardens
  3 ghost moths
  5 emperor scorpions
  Aizul (Swamp:1)
  6 ironheart preservers
  Louise (Spider:1)
  The ghost of othur the Bludgeoner, a journeyman GrFi of Nemelex Xobeh (Orc:1)
  8 very ugly things
  13 stone giants
  A vampire knight (Depths:1)
  2 deep elf demonologists (Vaults:3)
  6 entropy weavers
  A deep elf annihilator (Vaults:3)
  Azrael (Spider:1)
  A spark wasp (Spider:4)
  4 ettins
  A merfolk javelineer (Orc:1)
  9 fire dragons
  Josephine (D:11)
  6 yaktaur captains
  5 vault guards
  2 great orbs of eyes
  3 rakshasas
  21 hydras
  A catoblepas (Lair:6)
  2 shambling mangroves (Swamp:4)
  A spriggan air mage (Depths:1)
  5 ice dragons
  39 two-headed ogres
  9 centaur warriors
  Erica (D:10)
  2 ghost crabs
  12 ogre magi
  8 death yaks (Lair:6)
  A dancing weapon (Spider:3)
  A death knight (Vaults:1)
  5 deep troll earth magi
  6 deep troll shamans (Depths:1)
  A queen ant (Spider:1)
  A vampire mage (Depths:1)
  11 alligators
  3 tengu warriors
  3 spriggan berserkers (Depths:1)
  5 deep elf knights (Vaults:3)
  5 skeletal warriors (Vaults:3)
  3 unseen horrors (Vaults:1)
  6 iron trolls (Depths:1)
  3 shadow wraiths
  3 wizards
  A flayed ghost (Vaults:1)
  An unseen horror (shapeshifter) (Vaults:1)
  11 swamp dragons
  17 deep trolls
  3 deep elf magi (Vaults:3)
  A phantasmal warrior (Vaults:1)
  Pikel (D:5)
  2 orange crystal statues (D:15)
  2 lindwurms (Lair:6)
  2 deep elf archers
  2 necromancers (Vaults:3)
  A harpy (Vaults:3)
  14 ironbrand convokers
  2 tengu skeletons (Vaults:3)
  29 wolf spiders
  11 orc knights
  17 orb spiders
  A faun (shapeshifter) (Vaults:3)
  37 ugly things
  3 moths of wrath
  8 cyclopes
  5 manticores
  3 black mambas
  A frost giant skeleton (Vaults:3)
  A rust devil (Depths:1)
  12 vault sentinels
  12 elephants
  4 torpor snails
  6 gargoyles
  2 molten gargoyles (Lair:5)
  The ghost of gruber the Ruffian, a novice DrTm (D:5)
  4 rime drakes
  A rime drake (shapeshifter) (Vaults:1)
  18 yaktaurs
  15 spiny frogs
  3 freezing wraiths
  A kobold demonologist (D:12)
  A komodo dragon (shapeshifter) (Vaults:2)
  12 demonic crawlers
  9 komodo dragons
  2 yaktaur skeletons (Vaults:3)
  A tengu conjurer (Depths:1)
  A shadow dragon simulacrum (Vaults:3)
  5 human skeletons (Vaults:3)
  20 hornets
  2 polar bears
  10 trolls
  A queen bee (D:11)
  A jumping spider (shapeshifter) (Vaults:2)
  26 jumping spiders
  14 tyrant leeches
  39 slime creatures
  5 bog bodies
  2 dream sheep (Lair:6)
  16 blink frogs
  5 hippogriffs
  2 spriggans (Swamp:2)
  28 tarantellas
  64 redbacks
  2 redbacks (shapeshifter)
  3 shadows
  A hog (shapeshifter) (D:15)
  6 wraiths
  4 centaur simulacra
  4 water elementals (Depths:1)
  64 yaks
  7 wyverns
  6 fire elementals (Spider:1)
  3 basilisks
  Grum (D:9)
  6 hungry ghosts
  Eustachio (D:5)
  2 steam dragons
  10 vampire mosquitoes
  A swamp worm (shapeshifter) (Vaults:3)
  17 swamp worms
  5 wargs
  A soldier ant (shapeshifter) (Vaults:1)
  22 insubstantial wisps
  4 acid dragons
  Duvessa (D:4)
  A deep troll skeleton (Vaults:3)
  14 soldier ants
  5 porcupines
  7 water moccasins
  A floating eye (shapeshifter) (Vaults:3)
  14 orc warriors
  A black bear (Lair:2)
  2 sky beasts (D:7)
  11 swamp drakes
  A meliai simulacrum (D:15)
  A phantom (D:8)
  A slave (D:5)
  A hornet zombie (D:15)
  5 ice beasts
  A necrophage (D:12)
  3 eyes of draining
  12 boggarts
  40 ogres
  22 centaurs
  16 crocodiles
  12 wolves
  17 bullfrogs
  3 big kobolds
  A glowing shapeshifter simulacrum (Vaults:1)
  A wyvern zombie (D:14)
  A scorpion (Lair:3)
  A water moccasin skeleton (D:3)
  Dowan (D:4)
  13 killer bees (D:11)
  2 human simulacra (Vaults:3)
  5 howler monkeys
  14 wights
  2 electric eels
  5 centaur zombies
  6 crimson imps
  15 jellies
  5 lava snakes (Lair:5)
  2 quasits
  A human zombie (D:6)
  5 hounds
  A bullfrog zombie (D:13)
  19 orc priests
  22 orc wizards
  2 bullfrog skeletons
  4 centaur skeletons
  2 iguanas
  18 worker ants
  3 hound skeletons
  8 mummies (Ossuary)
  2 worker ant zombies
  A howler monkey zombie (D:9)
  10 adders
  A shadow imp (D:13)
  12 white imps (Lair:2)
  2 ufetubi (Vaults:2)
  An ooze (Lair:6)
  An adder skeleton (D:4)
  A worm (D:6)
  6 leopard geckos
  98 orcs
  A ball python (D:2)
  3 giant cockroaches
  6 goblins
  9 hobgoblins
  14 jackals
  6 quokkas
  3 bats
  6 frilled lizards
  4 hobgoblin zombies (Ossuary)
  A jackal zombie (D:6)
  24 kobolds
  3 kobold zombies
  2 orc zombies (Ossuary)
  A quokka skeleton (D:5)
  A quokka zombie (D:7)
  8 rats
  2 fungi
  A plant (Lair:6)
1539 creatures vanquished.

Vanquished Creatures (others)
  A deep troll (Vaults:3)
  An unseen horror (Vaults:1)
  A necromancer (D:13)
  Psyche (D:11)
  2 hornets (Swamp:4)
  A redback (Spider:2)
  An insubstantial wisp (Swamp:4)
  A swamp drake (Swamp:4)
  A slave (D:5)
  An orc warrior (Vaults:3)
  A giant cockroach (D:5)
  3 briar patches (Swamp:4)
  8 fungi
  49 plants
72 creatures vanquished.

Grand Total: 1611 creatures vanquished

Notes
Turn   | Place    | Note
-------+----------+-------------------------------------------
     0 | D:1      | funkygono the Gargoyle Fighter began the quest for the Orb.
     0 | D:1      | Reached XP level 1. HP: 14/14 MP: 1/1
   160 | D:1      | Reached XP level 2. HP: 19/19 MP: 2/2
   484 | D:1      | Reached XP level 3. HP: 23/23 MP: 3/3
  1052 | D:2      | Found a glowing golden altar of the Shining One.
  1109 | D:2      | Found a faded altar of an unknown god.
  1661 | D:3      | Reached skill level 1 in Slings
  1661 | D:3      | Reached XP level 4. HP: 29/29 MP: 4/4
  1717 | D:3      | Reached XP level 5. HP: 33/33 MP: 5/5
  1871 | D:3      | Reached skill level 4 in Shields
  2555 | D:4      | Noticed Dowan
  2557 | D:4      | Noticed Duvessa
  2566 | D:4      | Killed Dowan
  2581 | D:4      | Killed Duvessa
  2581 | D:4      | Reached XP level 6. HP: 3/38 MP: 6/6
  2954 | D:4      | Reached skill level 1 in Dodging
  3289 | D:5      | Entered Level 5 of the Dungeon
  3305 | D:5      | Reached XP level 7. HP: 27/44 MP: 7/7
  3537 | D:5      | Noticed Pikel
  3561 | D:5      | Killed Pikel
  3561 | D:5      | Reached skill level 5 in Fighting
  3561 | D:5      | Reached skill level 5 in Shields
  3561 | D:5      | Reached XP level 8. HP: 46/49 MP: 8/8
  3587 | D:5      | Found a runed translucent gate.
  3587 | D:5      | Found a runed translucent gate.
  3587 | D:5      | Found a runed translucent gate.
  3591 | D:5      | Noticed gruber's ghost (novice DrTm)
  3636 | D:5      | Killed gruber's ghost
  3804 | D:5      | Found a staircase to the Ecumenical Temple.
  3814 | Temple   | Entered the Ecumenical Temple
  3843 | Temple   | Became a worshipper of Warmaster Okawaru
  4381 | D:5      | Noticed Eustachio
  4431 | D:5      | Killed Eustachio
  4431 | D:5      | Reached skill level 5 in Maces & Flails
  4775 | D:6      | Reached skill level 5 in Armour
  4779 | D:6      | Reached skill level 6 in Shields
  4982 | D:6      | Reached skill level 5 in Slings
  5177 | D:6      | Found a sand-covered staircase.
  5193 | Ossuary  | Entered an ossuary
  5292 | Ossuary  | Reached XP level 9. HP: 47/54 MP: 7/9
  5556 | D:6      | Reached * piety under Okawaru
  5935 | D:6      | Reached skill level 1 in Invocations
  6119 | D:6      | Got a masterwork quarterstaff
  6301 | D:7      | Reached skill level 7 in Shields
  6426 | D:7      | Reached ** piety under Okawaru
  6484 | D:7      | Found a snail-covered altar of Cheibriados.
  6644 | D:7      | Reached XP level 10. HP: 61/61 MP: 8/11
  7004 | D:8      | Noticed a two-headed ogre
  7017 | D:8      | Killed a two-headed ogre
  7017 | D:8      | Reached skill level 8 in Shields
  7055 | D:8      | Found Cimyreh's Jewellery Emporium.
  7431 | D:8      | Reached *** piety under Okawaru
  7691 | D:9      | Got a shimmering robe
  7912 | D:9      | Found Nixell's General Store.
  8092 | D:9      | Reached skill level 9 in Shields
  8190 | D:9      | Noticed Grum
  8204 | D:9      | Killed Grum
  8610 | D:9      | Received a gift from Okawaru
  8637 | D:9      | Reached XP level 11. HP: 61/67 MP: 10/12
  8849 | D:10     | Entered Level 10 of the Dungeon
  8979 | D:10     | Reached **** piety under Okawaru
  9003 | D:10     | Noticed Erica
  9038 | D:10     | Killed Erica
  9038 | D:10     | Received a gift from Okawaru
  9154 | D:10     | Got a scorched flail
  9155 | D:10     | Identified the +5 flail of the Land of Plenty {drain, MR+
                  | Int+3 Dex+4} (You found it on level 10 of the Dungeon)
  9467 | D:10     | Found Wugief's Mass Market.
  9798 | D:11     | Reached skill level 10 in Maces & Flails
  9883 | D:11     | Noticed a two-headed ogre
  9900 | D:11     | Killed a two-headed ogre
 10151 | D:11     | Noticed Josephine
 10174 | D:11     | Killed Josephine
 10174 | D:11     | Reached ***** piety under Okawaru
 10174 | D:11     | Received a gift from Okawaru
 10174 | D:11     | Reached skill level 10 in Shields
 10285 | D:11     | Found a staircase to the Orcish Mines.
 10316 | D:11     | Noticed Psyche
 10332 | D:11     | Killed Psyche
 10421 | D:11     | Reached XP level 12. HP: 69/75 MP: 10/13
 10750 | D:11     | Received a gift from Okawaru
 10854 | D:11     | Found a staircase to the Lair.
 11026 | D:11     | Identified the +5 robe of the Onion {rC+ MR+ SInv Stlth+}
                  | (You found it on level 9 of the Dungeon)
 11050 | Lair:1   | Entered Level 1 of the Lair of Beasts
 12237 | Lair:2   | Found a staircase to the Swamp.
 12295 | Lair:2   | Received a gift from Okawaru
 12613 | Lair:2   | Identified a scroll of acquirement
 12613 | Lair:2   | Acquired the amulet of Fragile Peace {Regen+ Str+3}
 12728 | Lair:3   | Reached skill level 11 in Shields
 13264 | Lair:3   | Noticed a four-headed hydra
 13273 | Lair:3   | Killed a four-headed hydra
 13563 | Lair:4   | Found a hole to the Spider Nest.
 13587 | Lair:4   | Reached XP level 13. HP: 80/80 MP: 14/14
 13651 | Lair:4   | Received a gift from Okawaru
 14680 | Lair:5   | Received a gift from Okawaru
 14780 | Lair:5   | Reached skill level 10 in Fighting
 15203 | Lair:5   | You fall into a shaft and drop 1 floor!
 15203 | Lair:6   | Entered Level 6 of the Lair of Beasts
 15245 | Lair:6   | Received a gift from Okawaru
 15322 | Lair:6   | Reached skill level 12 in Shields
 15653 | Lair:6   | Got a brightly glowing plate armour
 15665 | Lair:6   | Identified the +5 plate armour "Conorahaaf" {Int+2} (You
                  | found it on level 6 of the Lair of Beasts)
 15675 | Lair:6   | Found a staircase to the Slime Pits.
 15867 | Lair:6   | Gained mutation: Your large and strong wings let you fly
                  | indefinitely. [Gargoyle growth]
 15867 | Lair:6   | Reached XP level 14. HP: 88/88 MP: 16/16
 16368 | Lair:6   | Reached ****** piety under Okawaru
 16400 | Lair:6   | Received a gift from Okawaru
 16580 | Lair:6   | Reached skill level 13 in Shields
 16915 | Lair:5   | Received a gift from Okawaru
 16952 | Lair:5   | Got an ichor-stained chain mail
 17039 | Lair:5   | Identified the cursed +1 chain mail "Hibbemm" {Str+4 Int+4}
                  | (You found it on level 5 of the Lair of Beasts)
 17133 | Lair:5   | Got a glittering bone ring
 17222 | Lair:5   | Received a gift from Okawaru
 17258 | Lair:5   | Identified the ring "Ulutoute" {rC+ Dex+7 Stlth+} (You
                  | found it on level 5 of the Lair of Beasts)
 17974 | Orc:1    | Entered Level 1 of the Orcish Mines
 18150 | Orc:1    | Found a runed translucent gate.
 18159 | Orc:1    | Reached skill level 1 in Evocations
 18175 | Orc:1    | Found a runed translucent gate.
 18175 | Orc:1    | Found a runed translucent gate.
 18180 | Orc:1    | Noticed othur's ghost (journeyman GrFi)
 18182 | Orc:1    | Found an iron altar of Okawaru.
 18257 | Orc:2    | Entered Level 2 of the Orcish Mines
 18449 | Orc:2    | Reached skill level 10 in Slings
 18542 | Orc:2    | Reached XP level 15. HP: 61/95 MP: 14/17
 18876 | Orc:2    | Found Litifupt's Magic Scroll Emporium.
 18876 | Orc:2    | Found Sohuc's Antique Armour Shop.
 18877 | Orc:2    | Found Vumoosk's Antique Armour Shop.
 18877 | Orc:2    | Found Qeil's Assorted Antiques.
 19026 | Orc:2    | Found a roughly hewn altar of Beogh.
 19167 | Orc:2    | Found a staircase to the Elven Halls.
 19371 | Orc:2    | Bought a masterwork cloak for 256 gold pieces
 19377 | Orc:2    | Identified the +2 cloak of Yrou {rElec Str+3} (You bought
                  | it in a shop on level 2 of the Orcish Mines)
 19467 | Orc:1    | Received a gift from Okawaru
 19531 | Orc:1    | Killed othur's ghost
 19567 | Orc:1    | Received a gift from Okawaru
 19598 | Orc:1    | Got a fading scale mail
 19609 | Orc:1    | Identified the +0 scale mail of Tahujeir {Regen+ Dex+2}
                  | (You found it on level 1 of the Orcish Mines)
 19759 | Swamp:1  | Entered Level 1 of the Swamp
 19770 | Swamp:1  | Reached skill level 10 in Armour
 19797 | Swamp:1  | Noticed Nikola
 19813 | Swamp:1  | Noticed a thorn hunter
 19824 | Swamp:1  | Killed Nikola
 19842 | Swamp:1  | Killed a thorn hunter
 19842 | Swamp:1  | Received a gift from Okawaru
 19864 | Swamp:1  | Got a heavy robe {god gift}
 19874 | Swamp:1  | Reached skill level 14 in Shields
 20295 | Swamp:1  | Identified Sophisticated Sorcery
 20592 | Swamp:1  | Noticed Aizul
 20613 | Swamp:1  | Killed Aizul
 20744 | Swamp:1  | Identified the +3 robe of the Blacksmith {Harm Stlth+}
                  | (Okawaru gifted it to you on level 1 of the Swamp)
 20894 | Swamp:2  | Noticed a thorn hunter
 20924 | Swamp:2  | Killed a thorn hunter
 21982 | Swamp:3  | Got a faintly humming cloak
 22058 | Swamp:3  | Reached XP level 16. HP: 98/102 MP: 19/19
 22314 | Swamp:3  | Received a gift from Okawaru
 22481 | Swamp:3  | Identified the +2 cloak "Wusoal" {rC+ Str+2} (You found it
                  | on level 3 of the Swamp)
 22508 | Swamp:4  | Entered Level 4 of the Swamp
 22640 | Swamp:4  | Noticed a thorn hunter
 22658 | Swamp:4  | Killed a thorn hunter
 22674 | Swamp:4  | Reached skill level 15 in Shields
 22733 | Swamp:4  | Received a gift from Okawaru
 22778 | Swamp:4  | Received a gift from Okawaru
 22902 | Swamp:4  | Got a decaying rune of Zot
 22984 | Swamp:4  | Received a gift from Okawaru
 23000 | Swamp:4  | Reached skill level 5 in Invocations
 23066 | Swamp:4  | Noticed Bai Suzhen
 23103 | Swamp:4  | Killed Bai Suzhen
 23103 | Swamp:4  | Received a gift from Okawaru
 23110 | Swamp:4  | Got a faintly humming cloak {god gift}
 23132 | Swamp:4  | Reached skill level 15 in Maces & Flails
 23170 | Swamp:4  | Identified the +1 cloak of Riczopp {rN+} (Okawaru gifted it
                  | to you on level 4 of the Swamp)
 23587 | Swamp:4  | Noticed a thorn hunter
 23600 | Swamp:4  | Killed a thorn hunter
 24243 | Spider:1 | Entered Level 1 of the Spider Nest
 24419 | Spider:1 | Noticed Azrael
 24448 | Spider:1 | Killed Azrael
 24448 | Spider:1 | Reached skill level 16 in Shields
 24448 | Spider:1 | Reached XP level 17. HP: 81/109 MP: 21/21
 24967 | Spider:1 | Received a gift from Okawaru
 25176 | Spider:1 | Noticed Louise
 25210 | Spider:1 | Killed Louise
 25277 | Spider:1 | Received a gift from Okawaru
 25991 | Spider:2 | Received a gift from Okawaru
 26402 | Spider:2 | Received a gift from Okawaru
 26916 | Spider:3 | Received a gift from Okawaru
 27044 | Spider:3 | Found a runed translucent door.
 27124 | Spider:3 | Found a shimmering altar of Xom.
 27124 | Spider:3 | Noticed Qafumib's ghost (adept BaMo)
 27134 | Spider:3 | Reached skill level 17 in Shields
 27171 | Spider:3 | Killed Qafumib's ghost
 27631 | Spider:4 | Entered Level 4 of the Spider Nest
 28271 | Spider:4 | Reached XP level 18. HP: 117/117 MP: 22/22
 29045 | Spider:4 | Got a gossamer rune of Zot
 29518 | D:12     | Found a glowing silver altar of Zin.
 29520 | D:12     | Found a runed translucent door.
 29745 | D:12     | Found a portal to a secret trove of treasure.
 29785 | D:12     | Received a gift from Okawaru
 29788 | D:12     | Noticed Rupert
 29807 | D:12     | Killed Rupert
 30634 | D:13     | Received a gift from Okawaru
 30651 | D:13     | Got a twisted crystal plate armour {god gift}
 30662 | D:13     | Identified the +1 crystal plate armour of the Tanner {rC+
                  | MR+ Int+3} (Okawaru gifted it to you on level 13 of the
                  | Dungeon)
 30736 | D:13     | Found a gate to the Vaults.
 30937 | D:13     | Reached skill level 15 in Fighting
 31269 | D:14     | Reached skill level 18 in Shields
 31288 | D:14     | You are sucked into a shaft and drop 1 floor!
 31288 | D:15     | Entered Level 15 of the Dungeon
 32330 | D:15     | Found a staircase to the Depths.
 32831 | D:15     | Acquired the +27 Lear's hauberk
 32832 | D:15     | Found the +27 Lear's hauberk
 33498 | D:14     | Reached XP level 19. HP: 124/124 MP: 23/23
 33760 | Vaults:1 | Entered Level 1 of the Vaults
 34045 | Vaults:1 | Received a gift from Okawaru
 34046 | Vaults:1 | HP: 4/124 [ice dragon/blast of cold (34)]
 34054 | Vaults:1 | HP: 6/124 [phantasmal warrior[a death knight] (18)]
 34774 | Vaults:1 | You are sucked into a shaft and drop 1 floor!
 36658 | Vaults:1 | Reached skill level 19 in Shields
 36999 | Vaults:1 | You are sucked into a shaft and drop 1 floor!
 37489 | Vaults:3 | Found a snail-covered altar of Cheibriados.
 37727 | Vaults:3 | Received a gift from Okawaru
 37747 | Vaults:3 | Identified the +6 scale mail "Huon" {*Contam rElec Regen+}
 37759 | Vaults:3 | Reached XP level 20. HP: 132/132 MP: 24/24
 37825 | Vaults:3 | Received a gift from Okawaru
 38118 | Vaults:3 | Received a gift from Okawaru
 38122 | Vaults:3 | Got a translucent long sword {god gift}
 38148 | Vaults:3 | Identified the +8 long sword of Key {vorpal, rC++ MR- SInv}
                  | (Okawaru gifted it to you on level 3 of the Vaults)
 38529 | Vaults:3 | Found a staircase to the Crypt.
 38719 | Vaults:3 | Received a gift from Okawaru
 38720 | Vaults:3 | Found the +8 lance "Wyrmbane" {slay drac, rPois rF+ rC+
                  | AC+3}
 39292 | Vaults:3 | Received a gift from Okawaru
 39438 | Vaults:3 | Paralysed by a floating eye for 3 turns
 39558 | Vaults:3 | HP: 3/134 [shadow dragon simulacrum (23)]
 39560 | Vaults:3 | HP: 1/134 [shadow dragon simulacrum (22)]
 40250 | Depths:1 | Entered Level 1 of the Depths
 40283 | Depths:1 | Reached skill level 20 in Shields
 40426 | Depths:1 | Found a one-way gate to the infinite horrors of the Abyss.
 40463 | Depths:1 | Received a gift from Okawaru
 40528 | Depths:1 | Reached XP level 21. HP: 140/140 MP: 26/26
 40980 | Depths:1 | Received a gift from Okawaru
 41041 | Depths:1 | Reached skill level 5 in Dodging
 41657 | Depths:1 | Found a gateway to Hell.
 41881 | Depths:2 | Noticed Mara
 42159 | Depths:1 | Noticed funkygono's illusion
 42216 | Depths:1 | Killed Mara
 42216 | Depths:1 | Received a gift from Okawaru
 42439 | Depths:2 | Noticed a golden dragon
 42591 | Depths:2 | Received a gift from Okawaru
 42710 | Depths:2 | Received a gift from Okawaru
 42772 | Depths:2 | Demolished by a stone giant simulacrum

Illustrated notes

Levels and vault maps discovered:
D:1:      dpeg_arrival_pond, layout_loops_ring
D:2:      minmay_wonky_spiral, layout_basic,
          chequers_ecumenical_altar_simple_redux, first_ration,
          lemuel_altar_in_water
D:3:      layout_rooms
D:4:      layout_loops_cross, uniq_duvessa
D:5:      layout_loops_corners, minmay_temple_entry_arrows,
          ebering_ghost_rock_garden, uniq_eustachio, uniq_pikel
D:6:      layout_loops_ring, enter_ossuary_3
D:7:      layout_rooms, cheibriados_altar_1
D:8:      layout_basic, serial_shops, shop, hangedman_pestilent_swarm
D:9:      layout_irregular_city, serial_shops, kennysheep_mini, uniq_grum
D:10:     layout_roguey, minmay_shop_mass, uniq_erica
D:11:     layout_loops_ring, lair_entry_dummy, orc_0_dummy, nrook_pool_corridor,
          nicolae_looking_at_the_future, uniq_josephine, uniq_psyche
D:12:     layout_roguey, nicolae_trove_entry_free_sample, lemuel_angel_altar,
          uniq_rupert
D:13:     layout_roguey, david_vaults_1
D:14:     layout_irregular_city, serial_shops, bzr_entry_road
D:15:     grunt_enter_depths_hoard, layout_stronghold, bh_walls_and_bars,
          minmay_more_statues
Temple:   minmay_crystal_snake_temple
Lair:1:   layout_gridlike
Lair:2:   layout_misc_corridors, minmay_swamp_entry_worms,
          portal_ice_cave_entry_imps, st_stairs_8,
          chequers_serial_rivers_small_3, grunt_forest_large_clearing_hut,
          lemuel_fruit_tree
Lair:3:   layout_long_grid
Lair:4:   layout_regular_city, nicolae_spider_entry_tight_spaces
Lair:5:   cheibrodos_magma_flow, layout_layer_cave
Lair:6:   hangedman_lair_in_review, layout_gridlike,
          minmay_slime_entry_jelly_boxes
Swamp:1:  layout_falls_marsh, evilmike_swamp_ruin_wall,
          infiniplex_staircase_pool, uniq_aizul, uniq_nikola
Swamp:2:  layout_basic_swamp, hangedman_swamp_lotus
Swamp:3:  layout_basic_swamp, evilmike_swamp_ruin_house_6
Swamp:4:  swamp, layout_basic_swamp, swamp_pool1, uniq_bai_suzhen
Spider:1: layout_spider_delve, minmay_another_anthill, uniq_louise, uniq_azrael
Spider:2: layout_spider_delve
Spider:3: layout_spider_delve, ebering_ghost_xom
Spider:4: guppyfry_spider_rune
Orc:1:    layout_caves, gammafunk_ghost_fury_of_okawaru, nicolae_orc_rockfall
Orc:2:    st_orc_ogre_mass, layout_caves, nicolae_orc_lost_temple
Vaults:1: nicolae_vaults_fighting_squares, nicolae_vaults_three_branches,
          dpeg_vaults_monster_box, vaults_room_ringed_pool,
          nicolae_vaults_big_ls, hangedman_vaults_capsules,
          ontoclasm_vaults_bender, nicolae_vaults_windows_and_doors_thing,
          nicolae_vaults_network_periphery, nicolae_vaults_little_squares_5,
          ontoclasm_vaults_ring_square, grunt_vaults_diagonal, vaults_room_pool,
          layout_vaults_maze
Vaults:2: v_rooms_3, v_misc_33, nicolae_vaults_rhombus_7, v_alt_pattern_5,
          vaults_room_door_hall, ontoclasm_vaults_chip, v_alt_pattern_6,
          v_misc_22, grunt_vaults_bifocal, ontoclasm_vaults_fault, serial_ice_g,
          layout_vaults_big_cross
Vaults:3: nicolae_vaults_network_star, minmay_crypt_entry_skeletal_spiral,
          grunt_vaults_swirl, v_rooms_2, nicolae_vaults_puzzle_piece,
          nicolae_vaults_twisting_passages, hangedman_vaults_corner_blocks,
          v_rooms_4, vaults_dpeg_ring, st_eye, vaults_mumra_lcd,
          nicolae_vaults_little_squares_4, layout_vaults_omnibox, basic_altar
Depths:1: layout_basic, abyss_entry, hex_tiny, grunt_hell_entry_dis_mu,
          kennysheep_generic_room_13, serial_bayou_shore_a, serial_bayou_shore_b
Depths:2: evilmike_cross, layout_cave_pools, minmay_misc_feat_ornament,
          lightli_too_deep, serial_shops, shop, uniq_mara

Skill      XL: |  1  2  3  4  5  6  7  8  9 10 11 12 13 14 15 16 17 18 19 20 21 |
---------------+----------------------------------------------------------------+-----
Slings         | 1 2 3 4 5 6 7 8 10 11 12 13 14 | 14.4
Maces & Flails | 3 4 5 7 9 11 12 13 14 15 16 17 | 17.3
Shields        | 4 5 6 7 9 10 11 12 13 14 16 17 18 19 20 | 20.9
Fighting       | 4 5 6 7 8 9 10 11 12 13 14 15 16 17 18 | 18.1
Armour         | 4 5 6 7 8 9 10 11 12 13 | 13.6
Dodging        | 1 2 3 4 6 |  6.4
Invocations    | 1 2 3 4 5 6 7 |  7.6
Evocations     | 1 |  1.1

Action                   |  1- 3 |  4- 6 |  7- 9 | 10-12 | 13-15 | 16-18 | 19-21 || total
-------------------------+-------+-------+-------+-------+-------+-------+-------++-------
Melee: Flail             |     6 |       |       |   519 |  1073 |  1610 |  1972 ||  5180
       Mace              |   116 |   107 |    33 |       |       |       |       ||   256
       Whip              |       |       |   395 |   364 |       |       |       ||   759
 Fire: Hunting sling     |    53 |    57 |    13 |    68 |       |       |       ||   191
       Fustibalus        |       |       |       |    77 |   401 |   842 |   427 ||  1747
Invok: Heroism           |       |       |     8 |    11 |    21 |    17 |    32 ||    89
       Finesse           |       |       |       |       |     3 |     7 |    19 ||    29
 Abil: Fly               |       |       |       |       |     1 |       |       ||     1
Evoke: Wand              |       |       |       |     3 |     1 |     2 |       ||     6
  Use: Scroll            |     4 |     5 |     7 |    13 |     7 |    12 |    11 ||    59
       Potion            |       |       |     2 |     1 |     2 |     3 |    13 ||    21
 Stab: Invisible         |       |       |       |     1 |       |    13 |     6 ||    20
       Distracted        |       |       |       |     1 |       |       |       ||     1
  Eat: Chunk             |     3 |     5 |    11 |    28 |    19 |    20 |    22 ||   108
       Ration            |       |       |       |       |     3 |     5 |     2 ||    10
Armor: Scale mail        |    70 |    71 |    56 |       |       |       |       ||   197
       Plate armour      |       |       |   147 |   324 |   255 |       |       ||   726
       Crystal plate arm |       |       |       |       |   261 |  1196 |   610 ||  2067
       Chain mail        |       |       |       |       |       |    23 |   192 ||   215
Dodge: Dodged            |    44 |    39 |    90 |   143 |   285 |   468 |   444 ||  1513
Block: Kite shield       |    76 |    67 |   240 |   463 |   738 |  1452 |  1408 ||  4444
